[Event "January 9 Late 2024"]
[Site "https://www.chess.com"]
[Date "2024.01.09"]
[Round "6"]
[White "Fiedorek, Michal"]
[Black "Zhu, Jiner"]
[Result "0-1"]
[Board "88"]
[TimeControl "180+1"]
[WhiteFideId "1199528"]
[BlackFideId "8608059"]
[WhiteElo "2481"]
[BlackElo "2615"]
[WhiteTeam "POL"]
[BlackTeam "CHN"]
[WhiteClock "0:00:02"]
[BlackClock "0:00:51"]

1. e4 c5 2. Nf3 d6 3. d4 cxd4 4. Nxd4 Nf6 5. Nc3 Nc6 6. Bg5 Bd7 7. Qd2 Rc8 8. f4 Nxd4 9. Qxd4 Qa5 10. O-O-O h6 11. Bxf6 gxf6 12. f5 h5 13. Kb1 Rg8 14. g3 Bh6 15. Be2 h4 16. gxh4 Qc5 17. Qxc5 Rxc5 18. Rhg1 Rxg1 19. Rxg1 Kf8 20. Bd3 Bc6 21. Ne2 Re5 22. Rg4 e6 23. fxe6 fxe6 24. c3 Kf7 25. Nd4 Bd7 26. Kc2 Rh5 27. b3 Be3 28. Nf3 Bc6 29. Nd4 Bd7 30. Nf3 a6 31. a4 f5 32. exf5 exf5 33. Bc4+ Kf6 34. Rg8 Bc6 35. Nd4 Be4+ 36. Kb2 d5 37. Be2 Rxh4 38. Rf8+ Kg6 39. Rg8+ Kf7 40. Rb8 Rxh2 41. Rxb7+ Ke8 42. Ka3 Bxd4 43. Bxa6 Bxc3 44. Bb5+ Kf8 45. a5 Bxa5 0-1

[Event "January 9 Late 2024"]
[Site "https://www.chess.com"]
[Date "2024.01.09"]
[Round "6"]
[White "Pinheiro, Iung Alicio de O."]
[Black "Reprintsev, Alexander"]
[Result "1-0"]
[Board "89"]
[TimeControl "180+1"]
[WhiteFideId "2104350"]
[BlackFideId "14100541"]
[WhiteElo "2609"]
[BlackElo "2487"]
[WhiteTeam "BRA"]
[BlackTeam "UKR"]
[WhiteClock "0:00:24"]
[BlackClock "0:01:08"]

1. e4 d5 2. exd5 Qxd5 3. Nc3 Qa5 4. g3 Nc6 5. Bg2 Nf6 6. h3 e5 7. Nf3 Bf5 8. d3 O-O-O 9. Bd2 Qc5 10. O-O h6 11. b4 Qe7 12. Re1 Qd7 13. b5 Nd4 14. Nxe5 Qe8 15. Nc6 Qd7 16. Nxd4 Qxd4 17. Qf3 Be6 18. Qxb7+ Kd7 19. Bc6+ Ke7 20. Qxc7+ Nd7 21. Nd5+ Ke8 22. Ba5 Be7 23. Bc3 Qc5 24. Bb4 Qxb4 25. Nxb4 Bxb4 26. Re4 Be7 27. Rae1 1-0

[Event "January 9 Late 2024"]
[Site "https://www.chess.com"]
[Date "2024.01.09"]
[Round "6"]
[White "Li, Tedric"]
[Black "Hamblok, Roel"]
[Result "0-1"]
[Board "90"]
[TimeControl "180+1"]
[WhiteFideId "3242897"]
[BlackFideId "209317"]
[WhiteElo "2473"]
[BlackElo "2607"]
[WhiteTeam "AUS"]
[BlackTeam "BEL"]
[WhiteClock "0:00:10"]
[BlackClock "0:00:18"]

1. d4 Nf6 2. c4 c5 3. d5 Ne4 4. Nf3 Qa5+ 5. Nbd2 d6 6. e3 Bf5 7. Bd3 Nxf2 8. Kxf2 Bxd3 9. Nb3 Qc7 10. Qxd3 Nd7 11. e4 g6 12. Bd2 Bg7 13. Bc3 Ne5 14. Bxe5 dxe5 15. Qe3 b6 16. a4 O-O 17. Nc1 f5 18. exf5 gxf5 19. Qd2 e4 20. Ne1 e3+ 21. Qxe3 Bd4 22. Ncd3 Bxe3+ 23. Kxe3 f4+ 24. Kf3 e5 25. Nf2 Rae8 26. Ne4 Qf7 27. Ke2 Qg6 28. Kf3 Kh8 29. Rc1 Rg8 30. Rc2 Ref8 31. Re2 Qg4+ 32. Kf2 Qh4+ 33. Kf1 f3 34. Nxf3 Rxg2 35. Rxg2 Qxe4 0-1

[Event "January 9 Late 2024"]
[Site "https://www.chess.com"]
[Date "2024.01.09"]
[Round "6"]
[White "Ozdemir, Serhan Berat"]
[Black "Ezat, Mohamed"]
[Result "0-1"]
[Board "91"]
[TimeControl "180+1"]
[WhiteFideId "6374611"]
[BlackFideId "10600906"]
[WhiteElo "2594"]
[BlackElo "2468"]
[WhiteTeam "TUR"]
[BlackTeam "EGY"]
[WhiteClock "0:00:01"]
[BlackClock "0:00:17"]

1. e4 c6 2. d4 d5 3. exd5 cxd5 4. c4 Nf6 5. Nc3 g6 6. Qb3 Bg7 7. cxd5 O-O 8. g3 e6 9. d6 Nc6 10. Nge2 Qxd6 11. Bg2 Nxd4 12. Nxd4 Qxd4 13. Be3 Qd3 14. Rd1 Qa6 15. Bf1 Qc6 16. Rg1 a6 17. Bg2 Qc7 18. Bb6 Qe5+ 19. Be3 Ng4 20. Rd3 Nxe3 21. Rxe3 Qa5 22. Rd3 Rd8 23. Rxd8+ Qxd8 24. Ke2 Bd7 25. Rd1 Bxc3 26. Qxc3 Rc8 27. Qd4 Bb5+ 28. Ke1 Qa5+ 29. Qd2 Qxa2 30. Bxb7 Qc4 31. Bg2 e5 32. h4 e4 33. h5 e3 34. fxe3 Re8 35. Kf2 Qg4 36. Bf3 Qh3 37. Rh1 Qf5 38. hxg6 hxg6 39. Qd4 Qe5 40. Qh4 Qxe3+ 41. Kg2 Qd2+ 42. Kh3 Bd7+ 43. g4 Re3 44. Qd8+ Kg7 45. Kh4 Rxf3 46. g5 Qf4# 0-1

[Event "January 9 Late 2024"]
[Site "https://www.chess.com"]
[Date "2024.01.09"]
[Round "6"]
[White "Garrido Diaz, Jose Antonio"]
[Black "Womacka, Mathias"]
[Result "1-0"]
[Board "92"]
[TimeControl "180+1"]
[WhiteFideId "24516252"]
[BlackFideId "4611390"]
[WhiteElo "2462"]
[BlackElo "2592"]
[WhiteTeam "ESP"]
[BlackTeam "GER"]
[WhiteClock "0:00:44"]
[BlackClock "0:00:00"]

1. e4 c5 2. Nc3 Nc6 3. g3 g6 4. Bg2 Bg7 5. d3 d6 6. Be3 e5 7. Qd2 Nge7 8. Bh6 O-O 9. h4 Bxh6 10. Qxh6 f6 11. Qd2 Nd4 12. Nge2 Bg4 13. f4 Qd7 14. O-O f5 15. Rae1 Rf7 16. Nxd4 cxd4 17. Nd5 Nxd5 18. exd5 exf4 19. Qxf4 Rc8 20. Rf2 Re7 21. Re6 Rxe6 22. dxe6 Qxe6 23. Qxd4 Qe1+ 24. Kh2 Qe5 25. Qxe5 dxe5 26. Bxb7 Rb8 27. Bd5+ Kg7 28. c4 h6 29. c5 Rd8 30. Bc4 g5 31. hxg5 hxg5 32. b4 f4 33. b5 Rh8+ 34. Kg2 Rh3 35. gxf4 exf4 36. c6 Rg3+ 37. Kf1 f3 38. c7 Rh3 39. Ke1 Rh8 40. Rc2 Re8+ 41. Kf2 Kf6 42. Bd5 Ke5 43. Bb7 Kd6 44. c8=Q Bxc8 45. Bxc8 Rf8 46. Bg4 Kd5 47. Rc4 1-0

[Event "January 9 Late 2024"]
[Site "https://www.chess.com"]
[Date "2024.01.09"]
[Round "6"]
[White "Avila Bautista, Roberto Al"]
[Black "Sliwicki, Damian"]
[Result "1-0"]
[Board "93"]
[TimeControl "180+1"]
[WhiteFideId "5119987"]
[BlackFideId "1127128"]
[WhiteElo "2590"]
[BlackElo "2462"]
[WhiteTeam "MEX"]
[BlackTeam "POL"]
[WhiteClock "0:01:15"]
[BlackClock "0:00:00"]

1. Nf3 c5 2. c4 g6 3. g3 Bg7 4. Bg2 e5 5. O-O Ne7 6. Nc3 O-O 7. b3 Nbc6 8. Bb2 a6 9. e3 Rb8 10. d4 cxd4 11. exd4 exd4 12. Ne2 d3 13. Ned4 Nf5 14. Qxd3 Ncxd4 15. Nxd4 d5 16. cxd5 Qb6 17. Rad1 Bd7 18. Be4 Nd6 19. Bg2 Bb5 20. Nxb5 Bxb2 21. Nxd6 Qxd6 22. h4 Rfe8 23. Rfe1 Be5 24. h5 Rbc8 25. hxg6 hxg6 26. Qf3 Kg7 27. Re3 Rc2 28. Rde1 1-0

[Event "January 9 Late 2024"]
[Site "https://www.chess.com"]
[Date "2024.01.10"]
[Round "6"]
[White "Yagupov, Igor"]
[Black "Hoeffer, David"]
[Result "0-1"]
[Board "94"]
[TimeControl "180+1"]
[WhiteFideId "4113632"]
[BlackFideId "24606766"]
[WhiteElo "2583"]
[BlackElo "2457"]
[WhiteTeam "RUS"]
[BlackTeam "GER"]
[WhiteClock "0:00:34"]
[BlackClock "0:00:29"]

1. e4 c5 2. Nf3 d6 3. d4 cxd4 4. Nxd4 Nf6 5. Nc3 Nc6 6. Bg5 e6 7. Qd2 a6 8. O-O-O Bd7 9. f4 h6 10. Bh4 b5 11. Bxf6 gxf6 12. Nxc6 Bxc6 13. f5 h5 14. Kb1 b4 15. Ne2 e5 16. Qxb4 d5 17. Qc3 Rc8 18. exd5 Ba4 19. Qd3 Bxc2+ 20. Qxc2 Rxc2 21. Kxc2 Qc8+ 22. Nc3 Qxf5+ 23. Bd3 Qf2+ 24. Rd2 Qb6 25. Bf5 Bd6 26. Re1 Ke7 27. Re4 Rb8 28. Na4 Qg1 29. g3 Rb7 30. Rc4 Qf1 31. Bd3 Qa1 32. Nc3 Rxb2# 0-1

[Event "January 9 Late 2024"]
[Site "https://www.chess.com"]
[Date "2024.01.09"]
[Round "6"]
[White "Rogov, Matfey"]
[Black "Avalos Parra, Joao"]
[Result "1-0"]
[Board "95"]
[TimeControl "180+1"]
[WhiteFideId "44191308"]
[BlackFideId "3402541"]
[WhiteElo "2582"]
[BlackElo "2416"]
[WhiteTeam "RUS"]
[BlackTeam "CHI"]
[WhiteClock "0:00:28"]
[BlackClock "0:00:09"]

1. e4 e5 2. Nf3 Nc6 3. c3 Nge7 4. d4 exd4 5. cxd4 d5 6. Nc3 dxe4 7. Nxe4 Bf5 8. Bd3 Nb4 9. Bb1 Qd5 10. Qe2 O-O-O 11. O-O Ng6 12. a3 Nc6 13. Nc3 Qd7 14. d5 Nce7 15. Be3 Kb8 16. Bxf5 Nxf5 17. Rac1 a6 18. b4 Nxe3 19. Qxe3 Bd6 20. b5 Bf4 21. Qd4 Bxc1 22. bxa6 Bxa3 23. Ra1 Qd6 24. Nb5 Qc5 25. a7+ Ka8 26. Qxc5 1-0

[Event "January 9 Late 2024"]
[Site "https://www.chess.com"]
[Date "2024.01.09"]
[Round "6"]
[White "Baltag, Iulian"]
[Black "Bogaudinov, Rushan"]
[Result "1-0"]
[Board "96"]
[TimeControl "180+1"]
[WhiteFideId "13901419"]
[BlackFideId "4129288"]
[WhiteElo "2582"]
[BlackElo "2406"]
[WhiteTeam "MDA"]
[BlackTeam "RUS"]
[WhiteClock "0:00:20"]
[BlackClock "0:00:13"]

1. e4 a6 2. d4 e6 3. Bd3 b5 4. Nd2 Bb7 5. Ngf3 c5 6. c3 d6 7. Qe2 Be7 8. O-O Nf6 9. e5 Nd5 10. Ne4 Qc7 11. exd6 Bxd6 12. Nxd6+ Qxd6 13. dxc5 Qxc5 14. Ng5 Nd7 15. Re1 N7f6 16. a4 bxa4 17. Rxa4 O-O 18. Nxh7 Rfd8 19. Rh4 Qc6 20. f3 a5 21. Ng5 Ba6 22. c4 Nb4 23. Bb1 Bxc4 24. Rxc4 Qb6+ 25. Be3 Qb7 26. Rh4 Rac8 27. Bd4 Rxd4 28. Rxd4 Qb6 29. Qf2 Nbd5 30. Rd2 Qb5 31. Ne4 Nh5 32. Nd6 Qc5 33. Nxc8 Qxc8 34. Rxd5 exd5 35. Qe3 Nf6 36. g4 g6 37. g5 Nh5 38. Qe8+ Qxe8 39. Rxe8+ Kg7 40. Ra8 Nf4 41. Rxa5 Kf8 42. Kf2 Nh3+ 43. Ke3 Nxg5 44. Rxd5 Ne6 45. b4 Ke7 46. b5 Nc7 47. Rc5 Ne6 48. Rc6 Nd8 49. Rc7+ Kd6 50. b6 f5 51. Rg7 f4+ 52. Kxf4 Ne6+ 53. Kg4 Nxg7 54. Bxg6 Kc6 55. h4 Kxb6 56. h5 Ne6 57. h6 Nf8 58. Bf5 Kc5 59. h7 Nxh7 60. Bxh7 Kd6 61. Kf5 Ke7 62. Kg6 Kf8 63. f4 Ke7 64. Kg7 1-0

[Event "January 9 Late 2024"]
[Site "https://www.chess.com"]
[Date "2024.01.09"]
[Round "6"]
[White "Silva, Kaua Marques"]
[Black "Luukkonen, Tommi"]
[Result "0-1"]
[Board "97"]
[TimeControl "180+1"]
[WhiteFideId "22701168"]
[BlackFideId "501808"]
[WhiteElo "2579"]
[BlackElo "2386"]
[WhiteTeam "BRA"]
[BlackTeam "FIN"]
[WhiteClock "0:00:00"]
[BlackClock "0:01:06"]

1. e4 c5 2. Nf3 d6 3. d4 cxd4 4. Nxd4 Nf6 5. Nc3 g6 6. Be3 Bg7 7. f3 a6 8. Qd2 h5 9. h3 Nbd7 10. Bc4 b5 11. Bb3 Bb7 12. O-O-O Nc5 13. g4 b4 14. Nd5 Nxb3+ 15. Nxb3 Nxd5 16. exd5 a5 17. Bd4 Kf8 18. Kb1 a4 19. Nc1 a3 20. b3 Qa5 21. Rhe1 Re8 22. f4 Kg8 23. Bxg7 Kxg7 24. Qd4+ Kg8 25. f5 Qc5 26. Qxc5 dxc5 27. d6 Bf3 28. Rxe7 Rd8 29. Rd3 hxg4 30. hxg4 Bxg4 31. fxg6 fxg6 32. d7 Kf8 33. Re5 Rxd7 34. Rxd7 Bxd7 35. Rxc5 Rh2 36. Nd3 Rh1+ 37. Nc1 Bf5 38. Rc4 Rh2 39. Ka1 Bxc2 0-1

[Event "January 9 Late 2024"]
[Site "https://www.chess.com"]
[Date "2024.01.09"]
[Round "6"]
[White "Tulchynskyi, Feliks"]
[Black "Kornyukov, Alexey"]
[Result "1-0"]
[Board "98"]
[TimeControl "180+1"]
[WhiteFideId "34127895"]
[BlackFideId "4150457"]
[WhiteElo "2576"]
[BlackElo "2287"]
[WhiteTeam "UKR"]
[BlackTeam "RUS"]
[WhiteClock "0:01:32"]
[BlackClock "0:00:00"]

1. Nf3 d5 2. g3 c5 3. Bg2 Nc6 4. d4 cxd4 5. Nxd4 e6 6. O-O Bc5 7. Nb3 Bb6 8. c4 Nge7 9. cxd5 exd5 10. Nc3 d4 11. Na4 O-O 12. Bg5 f6 13. Bf4 Bg4 14. Nxb6 Qxb6 15. Bd6 Rfd8 16. Bc5 Qb5 17. Qd2 Qxe2 18. Rfe1 Qxd2 19. Nxd2 Nd5 20. a3 b6 21. Bb4 a5 22. Rec1 Rac8 23. h3 Bh5 24. Nc4 axb4 25. Bxd5+ Rxd5 26. Nxb6 Rdd8 27. Nxc8 Rxc8 28. axb4 Ne7 29. Rxc8+ Nxc8 30. Ra8 Kf7 31. Rxc8 Ke7 32. Rc4 d3 33. Rd4 Be2 34. b5 d2 35. b6 Bb5 36. b7 Bd3 37. Rxd3 1-0

[Event "January 9 Late 2024"]
[Site "https://www.chess.com"]
[Date "2024.01.09"]
[Round "6"]
[White "Brodsky, David"]
[Black "Dilmukhametov, Artur"]
[Result "1/2-1/2"]
[Board "99"]
[TimeControl "180+1"]
[WhiteFideId "2073250"]
[BlackFideId "24179922"]
[WhiteElo "2826"]
[BlackElo "2317"]
[WhiteTeam "USA"]
[BlackTeam "RUS"]
[WhiteClock "0:00:18"]
[BlackClock "0:00:29"]

1. b3 d5 2. Bb2 c5 3. e3 Nc6 4. Nf3 Nf6 5. Bb5 Bd7 6. O-O e6 7. c4 dxc4 8. bxc4 a6 9. Bxc6 Bxc6 10. Ne5 Qc7 11. f4 Be7 12. Nc3 Rd8 13. Qe2 O-O 14. Rad1 Ne4 15. Nxe4 Bxe4 16. d3 Bc6 17. Qg4 f5 18. Qe2 Bf6 19. g4 fxg4 20. Qxg4 Bxe5 21. Bxe5 Qf7 22. Kf2 g6 23. e4 Rd7 24. Ke3 Rfd8 25. h4 b5 26. h5 bxc4 27. dxc4 Rxd1 28. Rxd1 Rxd1 29. Qxd1 gxh5 30. Qd8+ Be8 31. f5 h6 32. Qd6 exf5 33. Qxh6 Qh7 34. Qg5+ Qg6 35. Qxf5 Qxf5 36. exf5 Bd7 37. Kf4 Be8 38. Bd6 Bf7 39. Bxc5 Bxc4 40. a3 Kf7 41. Kg5 Be2 42. Bd4 Bd3 43. Bc3 h4 44. Kxh4 Bxf5 45. Kg5 Bd3 46. Kf4 Ke6 47. Ke3 Bf1 48. Kd4 Kd6 49. Bb4+ Kc6 50. Kc3 Kb5 51. Bf8 Be2 52. Kb2 Ka4 53. Bg7 1/2-1/2

[Event "January 9 Late 2024"]
[Site "https://www.chess.com"]
[Date "2024.01.10"]
[Round "6"]
[White "Gurevich, Dmitry"]
[Black "Stopa, Jacek"]
[Result "1/2-1/2"]
[Board "100"]
[TimeControl "180+1"]
[WhiteFideId "2000407"]
[BlackFideId "1119591"]
[WhiteElo "2533"]
[BlackElo "2780"]
[WhiteTeam "USA"]
[BlackTeam "POL"]
[WhiteClock "0:00:07"]
[BlackClock "0:00:18"]

1. d4 Nf6 2. c4 e6 3. g3 d5 4. Bg2 Bb4+ 5. Nd2 O-O 6. Nf3 b6 7. O-O Bb7 8. Qc2 Nbd7 9. a3 Be7 10. b4 c6 11. Bb2 a5 12. c5 Qc7 13. Rfe1 Ba6 14. Bc3 axb4 15. axb4 Bb5 16. h4 h6 17. Bh3 Qb7 18. e4 dxe4 19. Nxe4 Nxe4 20. Qxe4 Nf6 21. Qc2 Nd5 22. Bd2 bxc5 23. bxc5 Rxa1 24. Rxa1 Ra8 25. Qb2 Bf6 26. Ne5 Ra6 27. Rxa6 Qxa6 28. Nd7 Bd8 29. Qc1 Qa7 30. Ne5 Qa4 31. Be3 Bf6 32. Bg2 Qb3 33. Kh2 Be2 34. Be4 Bb5 35. Bxh6 gxh6 36. Qxh6 Bg7 37. Qh5 Bxe5 38. dxe5 Qb2 39. Qg5+ Kf8 40. Qd8+ Kg7 41. Qg5+ Kf8 42. Qd8+ Kg7 43. Qg5+ Kf8 1/2-1/2

[Event "January 9 Late 2024"]
[Site "https://www.chess.com"]
[Date "2024.01.09"]
[Round "6"]
[White "Leenhouts, Koen"]
[Black "Schnaider, Ilan"]
[Result "0-1"]
[Board "101"]
[TimeControl "180+1"]
[WhiteFideId "1008439"]
[BlackFideId "169013"]
[WhiteElo "2555"]
[BlackElo "2718"]
[WhiteTeam "NED"]
[BlackTeam "ARG"]
[WhiteClock "0:01:21"]
[BlackClock "0:00:41"]

1. d4 Nf6 2. Bg5 d5 3. Bxf6 gxf6 4. e3 c5 5. Nf3 e6 6. Nbd2 Nc6 7. c4 cxd4 8. exd4 dxc4 9. Bxc4 Nxd4 10. Nxd4 Qxd4 11. O-O Bd7 12. Qe2 Rg8 13. Rad1 Bc6 14. Nf3 Qg4 15. Ne1 Qxg2+ 16. Nxg2 Rxg2+ 17. Kh1 Rxf2+ 18. Kg1 Rxe2 19. Bxe2 Bc5+ 0-1

[Event "January 9 Late 2024"]
[Site "https://www.chess.com"]
[Date "2024.01.09"]
[Round "6"]
[White "Vlassov, Nikolai"]
[Black "Stojanovski, Sandi"]
[Result "1-0"]
[Board "102"]
[TimeControl "180+1"]
[WhiteFideId "4103360"]
[BlackFideId "1403249"]
[WhiteElo "2643"]
[BlackElo "2523"]
[WhiteTeam "FID"]
[BlackTeam "DEN"]
[WhiteClock "0:00:50"]
[BlackClock "0:00:01"]

1. e4 Nf6 2. e5 Nd5 3. d4 d6 4. c4 Nb6 5. f4 dxe5 6. fxe5 Bf5 7. Be3 e6 8. Nc3 Be7 9. Nf3 O-O 10. Bd3 Bxd3 11. Qxd3 c5 12. d5 exd5 13. cxd5 c4 14. Qe4 Bb4 15. O-O-O Na6 16. Ng5 g6 17. Qh4 h5 18. g4 Bxc3 19. gxh5 Na4 20. hxg6 Bxb2+ 21. Kb1 Nc3+ 22. Kxb2 Nxd1+ 23. Rxd1 1-0

[Event "January 9 Late 2024"]
[Site "https://www.chess.com"]
[Date "2024.01.09"]
[Round "6"]
[White "Ibadov, Dashgyn"]
[Black "Silva, Caio Henrique Angelico"]
[Result "0-1"]
[Board "103"]
[TimeControl "180+1"]
[WhiteFideId "24107514"]
[BlackFideId "22777210"]
[WhiteElo "2633"]
[BlackElo "2514"]
[WhiteTeam "FID"]
[BlackTeam "BRA"]
[WhiteClock "0:00:00"]
[BlackClock "0:00:09"]

1. e4 c6 2. d4 d5 3. exd5 cxd5 4. Bd3 Nc6 5. c3 Nf6 6. h3 g6 7. Nf3 Bf5 8. Be2 Qc7 9. O-O Bg7 10. Be3 O-O 11. Nbd2 a6 12. Re1 b5 13. Nb3 Ne4 14. Ng5 Nxg5 15. Bxg5 b4 16. Qd2 bxc3 17. bxc3 e5 18. Bh6 exd4 19. Bxg7 Kxg7 20. cxd4 Qd6 21. Rac1 Rfc8 22. Bf3 a5 23. Nc5 Rab8 24. h4 Rb4 25. h5 Nxd4 26. h6+ Kf8 27. Nd3 Nxf3+ 28. gxf3 Rxc1 29. Qxc1 Rc4 30. Qb2 d4 31. Qb5 Rc8 32. Ne5 Qf6 33. f4 g5 34. Nd7+ Bxd7 35. Qxd7 Rd8 36. Qf5 Qxf5 0-1

[Event "January 9 Late 2024"]
[Site "https://www.chess.com"]
[Date "2024.01.09"]
[Round "6"]
[White "Zavgorodniy, Sergiy"]
[Black "Shohat, Yotam"]
[Result "1-0"]
[Board "104"]
[TimeControl "180+1"]
[WhiteFideId "14110148"]
[BlackFideId "2813955"]
[WhiteElo "2612"]
[BlackElo "2484"]
[WhiteTeam "UKR"]
[BlackTeam "ISR"]
[WhiteClock "0:00:55"]
[BlackClock "0:00:42"]

1. d4 Nf6 2. c4 e6 3. Nf3 d5 4. e3 Nbd7 5. Nbd2 b6 6. Bd3 Be7 7. O-O O-O 8. Qe2 Bb7 9. e4 dxe4 10. Nxe4 Nxe4 11. Bxe4 Bxe4 12. Qxe4 Nf6 13. Qe2 c5 14. Rd1 cxd4 15. Nxd4 Qc8 16. b3 Rd8 17. Bb2 a6 18. Rd3 Ne8 19. Rad1 Bf6 20. a4 Qc7 21. g3 e5 22. Nf5 e4 23. Rd5 Bxb2 24. Qxb2 Nf6 25. Rd6 Rxd6 26. Rxd6 Rd8 27. Rxf6 e3 28. Rd6 exf2+ 29. Kf1 f6 30. Rxd8+ Qxd8 31. Qd4 Qe8 32. Qd5+ Kh8 33. Kxf2 g6 1-0

[Event "January 9 Late 2024"]
[Site "https://www.chess.com"]
[Date "2024.01.09"]
[Round "6"]
[White "Mokshanov, Alexey"]
[Black "Nilsen, Tobias Lang"]
[Result "1-0"]
[Board "105"]
[TimeControl "180+1"]
[WhiteFideId "24121657"]
[BlackFideId "1521624"]
[WhiteElo "2603"]
[BlackElo "2468"]
[WhiteTeam "RUS"]
[BlackTeam "NOR"]
[WhiteClock "0:00:39"]
[BlackClock "0:00:50"]

1. e4 e6 2. d4 d5 3. e5 c5 4. c3 Qb6 5. Nf3 Bd7 6. a3 Bb5 7. Bxb5+ Qxb5 8. a4 Qb6 9. dxc5 Bxc5 10. b4 Bf8 11. O-O Ne7 12. Be3 Qc7 13. Na3 a6 14. Bd4 Nbc6 15. Nc2 Rc8 16. Ne3 Ng6 17. Re1 Nxd4 18. Nxd4 Qxc3 19. Re2 Qxb4 20. Rb1 Qa5 21. Rxb7 Nf4 22. Rc2 Rxc2 23. Qxc2 Be7 24. Qc6+ Kf8 25. Rb8+ Bd8 26. Qd7 1-0

[Event "January 9 Late 2024"]
[Site "https://www.chess.com"]
[Date "2024.01.09"]
[Round "6"]
[White "Hejazipour, Mitra"]
[Black "Kochiev, Ivan"]
[Result "1/2-1/2"]
[Board "106"]
[TimeControl "180+1"]
[WhiteFideId "12505951"]
[BlackFideId "2917890"]
[WhiteElo "2463"]
[BlackElo "2600"]
[WhiteTeam "FRA"]
[BlackTeam "BUL"]
[WhiteClock "0:00:08"]
[BlackClock "0:00:05"]

1. d4 Nf6 2. Nf3 e6 3. Bf4 c5 4. e3 d5 5. Nbd2 Bd6 6. c3 Qc7 7. dxc5 Qxc5 8. Bd3 O-O 9. O-O Nbd7 10. Bxd6 Qxd6 11. c4 b6 12. cxd5 Qxd5 13. Bc4 Qh5 14. h3 Bb7 15. Rc1 Rfd8 16. Qe2 Qg6 17. Bd3 Qh5 18. Nd4 Qd5 19. N2f3 Qxa2 20. Bc4 Qa5 21. Nb5 Bxf3 22. Qxf3 Ne5 23. Qf4 Nxc4 24. Qxc4 h6 25. b4 Qa6 26. Ra1 Qb7 27. Qc7 Qd5 28. Nxa7 Rd7 29. Qxb6 Rb7 30. Nc6 Rxa1 31. Qxb7 Rxf1+ 32. Kh2 Qd6+ 33. f4 Re1 34. Ne5 Qf8 35. b5 Rxe3 36. b6 Nd5 37. Qc6 Nxf4 38. Nd7 Qa3 39. Qc8+ Kh7 40. Nf8+ Kg8 41. Nd7+ Kh7 42. Nf8+ Kg8 43. Nd7+ 1/2-1/2

[Event "January 9 Late 2024"]
[Site "https://www.chess.com"]
[Date "2024.01.09"]
[Round "6"]
[White "Andrews, Todd"]
[Black "Olenik Campa, Rudi"]
[Result "0-1"]
[Board "107"]
[TimeControl "180+1"]
[WhiteFideId "2012456"]
[BlackFideId "14633264"]
[WhiteElo "2447"]
[BlackElo "2592"]
[WhiteTeam "USA"]
[BlackTeam "SLO"]
[WhiteClock "0:00:00"]
[BlackClock "0:00:39"]

1. d4 Nf6 2. c4 g6 3. Nc3 Bg7 4. e4 d6 5. Nf3 O-O 6. Be2 e5 7. O-O Bg4 8. d5 a5 9. Nd2 Bd7 10. b3 Na6 11. Rb1 h5 12. a3 b6 13. b4 Nh7 14. c5 axb4 15. axb4 bxc5 16. Bxa6 Rxa6 17. bxc5 dxc5 18. Nc4 h4 19. Be3 Qe7 20. Rb7 Bc8 21. d6 Qe6 22. Rxc7 Qxc4 23. d7 Bxd7 24. Qxd7 Qxc3 25. Bxc5 Qb3 26. Bxf8 Nxf8 27. Qg4 Bf6 28. h3 Ra8 29. Rfc1 Kg7 30. Kh2 Ne6 31. Rd7 Ra2 32. f3 Bg5 33. Rcd1 Bf4+ 34. Kh1 Bg3 35. Kg1 Qe3+ 36. Kh1 Qf2 37. Rxf7+ Kxf7 38. Rd7+ Kf6 0-1

[Event "January 9 Late 2024"]
[Site "https://www.chess.com"]
[Date "2024.01.09"]
[Round "6"]
[White "Banerjee, Supratit"]
[Black "Buchenau, Frank"]
[Result "1-0"]
[Board "108"]
[TimeControl "180+1"]
[WhiteFideId "2410079"]
[BlackFideId "4604350"]
[WhiteElo "2582"]
[BlackElo "2420"]
[WhiteTeam "SCO"]
[BlackTeam "GER"]
[WhiteClock "0:01:31"]
[BlackClock "0:00:00"]

1. e4 e6 2. d4 d5 3. exd5 exd5 4. Nf3 Bf5 5. Bd3 Bxd3 6. Qxd3 Nc6 7. c3 Bd6 8. O-O Nge7 9. a4 Qd7 10. b4 O-O 11. Re1 Qf5 12. Qxf5 Nxf5 13. Bb2 Rfe8 14. Nbd2 f6 15. Nb3 Kf7 16. b5 Nce7 17. Nc5 Bxc5 18. dxc5 h5 19. Nd4 Nxd4 20. cxd4 Nf5 21. g3 Rxe1+ 22. Rxe1 a6 23. Bc3 axb5 24. axb5 Ra3 25. Rc1 Rb3 26. Kg2 Rxb5 27. h3 b6 28. cxb6 cxb6 29. Ba1 Ra5 30. Rc7+ Kg6 31. Bc3 Ra4 32. g4 hxg4 33. hxg4 Nd6 34. f4 Rc4 35. f5+ Kh7 36. Rxc4 Nxc4 37. Kf3 g6 38. Kf4 Kg7 39. Bb4 g5+ 40. Kf3 Kf7 41. Ke2 Na5 42. Kd3 Nc6 43. Bd6 Ke8 44. Bc7 b5 45. Bd6 Kd7 46. Bc5 Nd8 47. Kc3 Nf7 48. Bf8 Ke8 49. Bg7 Ke7 50. Kb4 Nd8 51. Kxb5 Kf7 52. Bh8 Ke7 53. Kc5 Nf7 54. Bg7 Nd8 55. Kxd5 Kf7 56. Bh8 Nb7 57. Kc6 Na5+ 58. Kc7 Nb3 59. d5 Nd4 60. d6 Nb5+ 61. Kc6 Nd4+ 62. Kd5 1-0

[Event "January 9 Late 2024"]
[Site "https://www.chess.com"]
[Date "2024.01.09"]
[Round "6"]
[White "Ozen, Metehan"]
[Black "Pham, Le Thao Nguyen"]
[Result "0-1"]
[Board "109"]
[TimeControl "180+1"]
[WhiteFideId "34596054"]
[BlackFideId "12401226"]
[WhiteElo "2420"]
[BlackElo "2571"]
[WhiteTeam "TUR"]
[BlackTeam "VIE"]
[WhiteClock "0:00:03"]
[BlackClock "0:00:10"]

1. e4 c6 2. d4 d5 3. e5 Bf5 4. h4 h5 5. Bd3 Bxd3 6. Qxd3 Qa5+ 7. Bd2 Qa6 8. e6 Qxd3 9. exf7+ Kxf7 10. cxd3 Nh6 11. Nf3 Nd7 12. Nc3 Nf5 13. Ne2 g6 14. Nf4 Bh6 15. O-O-O Rae8 16. Rde1 e6 17. Nh3 Bf8 18. Nhg5+ Kf6 19. Bf4 Bb4 20. Re2 Ba5 21. Ne5 Nxd4 22. Re3 Ke7 23. Nxg6+ Kf6 24. Ne5 Ke7 25. Nef3 Nxf3 26. Rxe6+ Kd8 27. Nf7+ Kc8 28. Nd6+ Kd8 29. Nxb7+ Kc8 30. Nd6+ Kd8 31. Rxe8+ Rxe8 32. Nxe8 Nd4 33. Be3 Nf5 34. Re1 Bxe1 0-1

[Event "January 9 Late 2024"]
[Site "https://www.chess.com"]
[Date "2024.01.10"]
[Round "6"]
[White "Sohier, Julien"]
[Black "Olsson, William"]
[Result "0-1"]
[Board "110"]
[TimeControl "180+1"]
[WhiteFideId "645346"]
[BlackFideId "1741721"]
[WhiteElo "2362"]
[BlackElo "2565"]
[WhiteTeam "FRA"]
[BlackTeam "SWE"]
[WhiteClock "0:02:15"]
[BlackClock "0:02:10"]

1. e4 c5 2. Nc3 g6 3. d4 cxd4 4. Qxd4 Nf6 5. Be3 Nc6 6. Qd2 Ng4 7. Bg5 h6 8. Bh4 Bg7 9. h3 Nf6 10. O-O-O O-O 11. f4 d6 12. Nf3 Qc7 13. g4 Qa5 14. Kb1 Be6 15. f5 Nxe4 0-1

[Event "January 9 Late 2024"]
[Site "https://www.chess.com"]
[Date "2024.01.09"]
[Round "6"]
[White "Silvestre, Christian"]
[Black "Mendez Fortes, Eduardo Jesus"]
[Result "0-1"]
[Board "111"]
[TimeControl "180+1"]
[WhiteFideId "30956269"]
[BlackFideId "3502376"]
[WhiteElo "2308"]
[BlackElo "2564"]
[WhiteTeam "USA"]
[BlackTeam "CUB"]
[WhiteClock "0:00:00"]
[BlackClock "0:01:44"]

1. e4 e5 2. Bc4 Nf6 3. d3 c6 4. Qe2 Bc5 5. Nf3 d6 6. h3 h6 7. O-O O-O 8. Be3 Bb6 9. Bb3 Nbd7 10. Nbd2 Re8 11. c3 Nf8 12. Rfd1 Ng6 13. Qf1 Nh5 14. d4 Qf6 15. dxe5 dxe5 16. Nc4 Bc7 17. Nh2 Nhf4 18. Ng4 Qg5 19. g3 Nxh3+ 20. Qxh3 Qxg4 21. Qxg4 Bxg4 22. Nd6 Bxd6 23. Rxd6 Nf8 24. Kg2 a6 25. f3 Be6 26. Rad1 a5 27. Bxe6 Rxe6 28. Rxe6 fxe6 29. Bc5 Re8 30. Bb6 a4 31. Bc7 Ng6 32. Rd7 Re7 33. Rxe7 Nxe7 34. Bxe5 Kf7 35. Kf2 Nc8 36. Ke3 Nb6 37. b3 Nd7 38. Bd6 axb3 39. axb3 e5 40. f4 Ke6 41. Ba3 g6 42. Kf3 h5 43. g4 exf4 44. Kxf4 h4 45. g5 Ne5 46. Bc1 Nd3+ 0-1